 Dungeon Crawl Stone Soup version 0.24.0-123-gd5b16e6ec5 (webtiles) character file.

Game seed: 13062261547527454910, levelgen mode: deterministic

42 FishyPogo the Skirmisher (level 3, -2/29 HPs)
             Began as a Demonspawn Chaos Knight on Feb 4, 2020.
             Was a Plaything of Xom.
             Killed by nerve-wracking pain
             ... invoked by a shadow imp
             ... summoned by Xom
              (14 damage)
             ... on level 2 of the Dungeon.
             The game lasted 00:02:03 (679 turns).

FishyPogo the Skirmisher (Demonspawn Chaos Knight)   Turns: 679, Time: 00:02:04

Health: -2/29      AC:  5    Str: 13    XL:     3   Next: 33%
Magic:  3/3        EV: 11    Int: 13    God:    Xom [....*.]
Gold:   59         SH:  0    Dex: 10    Spells: 2/2 levels left

rFire    . . .     SeeInvis .   a - +0 short sword (chaos)
rCold    . . .     Gourm    .   (no shield)
rNeg     . . .     Faith    .   b - +2 leather armour
rPois    .         Spirit   .   (no helmet)
rElec    .         Reflect  .   (no cloak)
rCorr    .         Harm     .   (no gloves)
MR       .....                  (no boots)
Stlth    +.........             (no amulet)
HPRegen  0.09/turn              m - -2 ring of dexterity (curse)
MPRegen  0.08/turn              (no ring)

@: no status effects
A: spiny 1
a: Renounce Religion


You were on level 2 of the Dungeon.
You worshipped Xom.
You were a beloved toy of Xom.
You were not hungry.

You visited 1 branch of the dungeon, and saw 2 of its levels.

You collected 59 gold pieces.

Inventory:

Hand Weapons
 a - a +0 short sword of chaos (weapon)
Missiles
 h - 41 stones (quivered)
 i - 11 poisoned darts
 l - 3 atropa-tipped darts
 o - a throwing net
Armour
 b - a +2 leather armour (worn)
Jewellery
 m - a cursed -2 ring of dexterity (left hand)
Scrolls
 e - a scroll of blinking {unknown}
 f - a scroll of enchant weapon {unknown}
 g - a scroll of magic mapping {unknown}
Potions
 d - a potion of might
 k - a potion of heal wounds {unknown}
 n - a potion of brilliance {unknown}
Comestibles
 c - a ration
 j - 6 chunks of flesh


   Skills:
 + Level 3.3 Fighting
 + Level 3.0 Short Blades
 * Level 2.7 Armour
 - Level 1.0 Dodging


You had 2 spell levels left.
You didn't know any spells.
Your spell library was empty.

Dungeon Overview and Level Annotations

Branches:
Dungeon (2/15)

Altars:


Innate Abilities, Weirdness & Mutations

You are partially covered in sharp spines.


Message History

You hit the shadow imp.
The shadow imp convulses.
The shadow imp is severely wounded.
The shadow imp is struck by your spines.
The shadow imp hits you but does no damage.
You barely miss the shadow imp.
The shadow imp is severely wounded.
The shadow imp barely misses you.
You hit the shadow imp but do no damage.
The shadow imp is severely wounded.
The shadow imp barely misses you.
You completely miss the shadow imp.
The shadow imp is severely wounded.
You hit the shadow imp but do no damage.
The shadow imp is severely wounded.
The shadow imp hits you.
You hit the shadow imp but do no damage.
The shadow imp is severely wounded.
The shadow imp gestures at you. Pain shoots through your body!
You die...

..# #......... ÷.#
....... #.#.#.#...
.### .......
#........# ...#
....... #.#.#.#..#
##.# .......
#........# ##.#
.......##.#.#.#..#
##.#
..)..............#
##[#
##.(...÷....###
##.# #..5@......#
##.# #..........#
##.# #..........#
#.# #............#
#g# ##...........#
##.# #.?.....#####
#<.# #........
#........
##...#####
....).###


You could see a shadow imp.

Vanquished Creatures
  2 gnolls (D:2)
  An ooze (D:2)
  A bat (D:2)
  A giant cockroach (D:2)
  3 goblins (D:1)
  3 hobgoblins (D:1)
  2 frilled lizards (D:1)
  2 kobolds (D:1)
  4 rats
19 creatures vanquished.

Notes
Turn   | Place    | Note
-------+----------+-------------------------------------------
     0 | D:1      | FishyPogo the Demonspawn Chaos Knight began the quest for
                  | the Orb.
     0 | D:1      | Reached XP level 1. HP: 18/18 MP: 1/1
   146 | D:1      | XOM: smoke on damage
   148 | D:1      | Reached skill level 1 in Dodging
   198 | D:1      | XOM: mild Pois miscast
   242 | D:1      | XOM: summons 1 friendly demon
   244 | D:1      | Gained mutation: You are partially covered in sharp spines.
                  | [demonic ancestry]
   244 | D:1      | Reached XP level 2. HP: 19/24 MP: 2/2
   552 | D:2      | XOM: smoke on damage
   560 | D:2      | Reached XP level 3. HP: 13/29 MP: 3/3
   580 | D:2      | XOM: cleaving
   672 | D:2      | XOM: summons 1 hostile demon
   679 | D:2      | Killed from afar by a shadow imp

Levels and vault maps discovered:
D:1:      dpeg_arrival_snail, layout_basic
D:2:      layout_basic, serial_co_window_serial, co_window_cross_1,
          co_window_paths_b, co_window_corner_a, co_window_corner_a,
          co_window_corner_a, co_window_broadway_a, co_window_of_opportunity_c,
          co_window_broadway_b, co_window_4corner_a, glass_columns_b,
          glass_columns_c, glass_columns_c

Skill      XL: |  1  2 |
---------------+-------+-----
Dodging        | 1 |  1.0
Armour         | 2 |  2.7
Short Blades   | 3 |  3.0
Fighting       | |  3.3

Action                   || total
-------------------------++-------
Melee: Short sword       ||    60
  Use: Potion            ||     3
Armor: Leather armour    ||    14
Dodge: Dodged            ||    26
